 Dungeon Sprint DCSS version 0.23-a0-143-g1adec7b (webtiles) character file.

55 Faca the Skirmisher (level 3, -3/43 HPs)
             Began as a Gargoyle Fighter on Aug 31, 2018.
             Was a Priest of the Shining One.
             Killed from afar by a fire dragon (10 damage)
             ... with a blast of flame
             ... in the Dungeon (Sprint V: "Ziggurat Sprint").
             The game lasted 00:03:13 (159 turns).

Faca the Skirmisher (Gargoyle Fighter)               Turns: 159, Time: 00:03:13

Health: -3/43      AC: 19    Str: 31    XL:     3   Next: 93%
Magic:  3/3        EV:  5    Int:  8    God:    the Shining One [***...]
Gold:   0          SH: 13    Dex: 15    Spells: 2/2 levels left

rFire    . . .     SeeInvis .   I - +7 broad axe
rCold    . . .     Gourm    .   o - +3 shield
rNeg     + + .     Faith    .   m - +5 plate armour
rPois    ∞         Spirit   .   (no helmet)
rElec    +         Reflect  .   (no cloak)
rCorr    .         Harm     .   (no gloves)
MR       .....     NoTele   +   (no boots)
Stlth    ..........             (no amulet)
HPRegen  0.14/turn              B - +6 ring of dexterity
MPRegen  0.08/turn              F - +6 ring of strength

@: berserking, glowing, very quick
A: negative energy resistance 1, electricity resistance, unbreathing,
petrification resistance, rot immunity, AC +3
a: Divine Shield, Renounce Religion


You were in the Dungeon.
You worshipped the Shining One.
The Shining One was most pleased with you.
You were not hungry.

You visited 1 branch

Inventory:

Hand Weapons
 u - a +1 flail of crushing
 H - the +8 lance "Wyrmbane" {slay drac, rPois rF+ rC+ AC+3}
   (You found it in the Dungeon)

   It affects your AC (+3).
   It protects you from fire.
   It protects you from cold.
   It protects you from poison.
 I - a +7 broad axe (weapon)
 J - a +7 demon whip
Armour
 b - a +0 large shield of reflection
 l - +5 gold dragon scales
 m - a +5 plate armour (worn)
 n - a +3 large shield
 o - a +3 shield (worn)
Jewellery
 B - a +6 ring of dexterity (left hand)
 E - a +6 ring of intelligence
 F - a +6 ring of strength (right hand)
Wands
 y - a wand of disintegration (7)
 z - a wand of iceblast (7)
 A - a wand of acid (7)
Scrolls
 c - 7 scrolls of fog
 k - 4 scrolls of blinking
 p - a scroll of holy word
 q - 5 scrolls of identify
 r - 5 scrolls of remove curse
 s - 2 scrolls of fear
Potions
 d - 7 potions of might
 e - 10 potions of curing
 g - 10 potions of heal wounds
 h - 6 potions of haste
 i - 7 potions of magic
 j - 2 potions of berserk rage
 t - 2 potions of brilliance
 v - 4 potions of resistance
 x - 5 potions of agility
Comestibles
 a - 2 chunks of flesh
 f - 7 rations


   Skills:
 + Level 7.8 Fighting
 + Level 6.7 Maces & Flails
 - Level 3.2 Armour
 - Level 3.2 Shields


You had 2 spell levels left.
You didn't know any spells.
Your spell library was empty.

Dungeon Overview and Level Annotations

Branches:
Dungeon (1/1)

Altars:
Ashenzari
Cheibriados
Dithmenos
Elyvilon
Fedhas
Gozag
Hepliaklqana
Kikubaaqudgha
Makhleb
Nemelex Xobeh
Okawaru
Qazlal
Ru
Sif Muna
Trog
Uskayaw
Vehumet
Wu Jian
Xom
Yredelemnul
Zin
The Shining One
Beogh
Jiyva
Lugonu

Annotations:
D 1 transporter


Innate Abilities, Weirdness & Mutations

You are resistant to torment.
Your stone body is resilient. (AC +3)
You are immune to poison.
You resist negative energy. (rN+)
You are resistant to electric shocks. (rElec)
You can survive without breathing.
You are immune to petrification.
You are immune to rotting.


Message History

Your shield and plate armour prevent you from hitting the hornet.
You block the hornet's attack. You block the fire dragon's attack.
The fire dragon claws you but does no damage.
The fire dragon tramples you.
You hold your ground!
The vault warden hits you with a great sword!!
The hornet stings you but does no damage.
You slash the fire dragon!
The fire dragon is moderately wounded.
You hit the hornet. You slash the vault warden! You block the hornet's attack.
You block the fire dragon's attack. The fire dragon barely misses you.
The fire dragon tramples you but does no damage.
The vault warden hits you with a great sword!
You slash the fire dragon!
The fire dragon is heavily wounded.
Your shield and plate armour prevent you from hitting the vault warden.
You slash the hornet! The hornet stings you!
* * * LOW HITPOINT WARNING * * *
The fire dragon breathes flames at you. The blast of flame hits you!
You die...

▓▓▓▓▓▓▓▓▓▓▓▓▓▓▓▓▓▓▓
▓.8©8.▓.8©8.▓.8©8.▓
▓.|)[.▓.....▓.....▓
▓..:..▓.....▓...:.▓
▓....D▓.....▓.....▓
▓...py▓.....▓.÷...▓
▓...D@▓.....▓..©..▓
▓..©..▓..©..▓▓▓▓▓▓▓
▓▓▓▓▓▓▓▓▓▓▓▓▓


You could see a fire dragon, a vault warden, a hornet and an acid dragon.

Vanquished Creatures
  A quasit (D)
  An adder (D)
  An adder zombie (D)
  A ball python (D)
  A bat zombie (D)
5 creatures vanquished.

Notes
Turn   | Place    | Note
-------+----------+-------------------------------------------
     0 | D        | Found the +6 Majin-Bo {vamp, Archmagi MP+6 Int+6}
     0 | D        | Found the +7 great mace "Firestarter" {inner flame, rF++}
     0 | D        | Faca the Gargoyle Fighter began the quest for the Orb.
     0 | D        | Reached XP level 1. HP: 14/14 MP: 1/1
     3 | D        | Found a blossoming altar of Fedhas.
     5 | D        | Found a viscous altar of Jiyva.
     5 | D        | Found a hazy altar of Hepliaklqana.
     5 | D        | Found a transporter.
     5 | D        | Found an opulent altar of Gozag.
     5 | D        | Found an ancient bone altar of Kikubaaqudgha.
     5 | D        | Found a corrupted altar of Lugonu.
    39 | D        | Found a burning altar of Makhleb.
    40 | D        | Found a sacrificial altar of Ru.
    40 | D        | Found a stormy altar of Qazlal.
    40 | D        | Found a deep blue altar of Sif Muna.
    40 | D        | Found an iron altar of Okawaru.
    40 | D        | Found a bloodstained altar of Trog.
    40 | D        | Found a sparkling altar of Nemelex Xobeh.
    57 | D        | Found the +9 heavy crossbow "Sniper" {velocity, Acc+∞ SInv}
    57 | D        | Found the +10 dark maul {crush}
    57 | D        | Found the +15 Maxwell's patent armour {-Cast -Tele rElec
                  | MR+ rCorr}
    57 | D        | Found the +18 shield of the Gong {rElec rN+ MR+ EV-5}
    57 | D        | Found the cursed +14 obsidian axe {chop, +Fly SInv *Curse}
    58 | D        | Found the +6 shillelagh "Devastator" {shatter}
    58 | D        | Found the +11 plutonium sword {*Contam Stlth-}
    58 | D        | Found the +8 lance "Wyrmbane" {slay drac, rPois rF+ rC+
                  | AC+3}
    58 | D        | Found the +9 sword of Zonguldrok {reap}
    58 | D        | Found the cursed +13 scythe of Curses {drain, *Curse}
    58 | D        | Found the +0 sword of Power
    58 | D        | Found the +7 mace of Variability {chain chaos}
    58 | D        | Found the +7 Singing Sword
    58 | D        | Found the +7 longbow "Piercer" {penet, EV-2}
    80 | D        | Reached skill level 6 in Fighting
    80 | D        | Reached skill level 5 in Maces & Flails
    80 | D        | Reached XP level 2. HP: 23/23 MP: 2/2
    89 | D        | Became a worshipper of the Shining One
   111 | D        | Entered arena 2.
   111 | D        | Found a transporter.
   128 | D        | Entered arena 3.
   128 | D        | Reached * piety under the Shining One
   128 | D        | Found a transporter.
   130 | D        | Reached ** piety under the Shining One
   134 | D        | Reached skill level 7 in Fighting
   134 | D        | Reached XP level 3. HP: 29/29 MP: 3/3
   152 | D        | Entered arena 4.
   152 | D        | Noticed a fire dragon
   152 | D        | Reached *** piety under the Shining One
   152 | D        | Noticed a hornet
   152 | D        | Noticed a vault warden
   152 | D        | Noticed an acid dragon
   152 | D        | Found a transporter.
   159 | D        | Killed from afar by a fire dragon

Vault maps used:
D:        sprint_v

Skill      XL: |  1  2 |
---------------+-------+-----
Fighting       | 6 7 |  7.8
Maces & Flails | 5 6 |  6.7
Armour         | |  3.2
Shields        | |  3.2

Action                   || total
-------------------------++-------
Melee: Broad axe         ||    17
  Use: Potion            ||     2
       Scroll            ||     4
Armor: Plate armour      ||    22
Dodge: Dodged            ||     6
Block: Shield            ||    23

Table legend:
 A = Non-vault XP
 B = Vault XP
 C = Vault XP percentage of total XP
 D = Non-vault monster count
 E = Vault monster count
 F = Vault count percentage of total count
                 A         B        C        D         E       F
            +---------+---------+-------+---------+---------+-------
      Total |       0 |      69 | 100.0 |       0 |       5 | 100.0
            +---------+---------+-------+---------+---------+-------
          D |       0 |      69 | 100.0 |       0 |       5 | 100.0
            +---------+---------+-------+---------+---------+-------
